 Dungeon Crawl Stone Soup version 0.26-a0-284-g73c0fb6129 (webtiles) character file.

Game seed: 17866962968829613657

8 BritishOli the Skirmisher (level 2, 23/24 HPs)
             Began as a Demonspawn Fighter on July 13, 2020.
             Quit the game on level 1 of the Dungeon.
             The game lasted 00:00:42 (169 turns).

BritishOli the Skirmisher (Demonspawn Fighter)       Turns: 169, Time: 00:00:43

Health: 23/24      AC:  6    Str: 16    XL:     2   Next: 0%
Magic:  2/2        EV:  6    Int:  9    God:
Gold:   0          SH:  9    Dex: 14    Spells: 1/1 levels left

rFire    . . .     SeeInvis .   a - +0 long sword
rCold    . . .     Faith    .   c - +0 kite shield
rNeg     . . .     Spirit   .   b - +0 scale mail
rPois    .         Reflect  .   (no helmet)
rElec    .         Harm     .   (no cloak)
rCorr    .                      (no gloves)
MR       .....                  (no boots)
Stlth    +.........             (no amulet)
HPRegen  0.08/turn              (no ring)
MPRegen  0.08/turn              (no ring)

@: no status effects
A: thin skeletal structure 1
a: no special abilities


You were on level 1 of the Dungeon.
You visited 1 branch of the dungeon, and saw 1 of its levels.

Inventory:

Hand Weapons
 a - a +0 long sword (weapon)
Armour
 b - a +0 scale mail (worn)
 c - a +0 kite shield (worn)
Scrolls
 e - a scroll of enchant armour {unknown}
 f - 3 scrolls of identify {unknown}
Potions
 d - a potion of might


   Skills:
 + Level 3.1 Fighting
 + Level 2.0 Long Blades
 + Level 2.8 Armour
 + Level 2.8 Shields


You had one spell level left.
You didn't know any spells.
Your spell library was empty.

Dungeon Overview and Level Annotations

Branches:
Dungeon (1/15)

Altars:


Innate Abilities, Weirdness & Mutations

You have a somewhat thin skeletal structure. (Dex +2, Stealth)


Message History

You kill the leopard gecko!
A bat, a hobgoblin and a kobold come into view.
The hobgoblin shouts!
The kobold shouts!
You hear a shout!
The giant cockroach closely misses you. The kobold hits you but does no damage.
The giant cockroach bites you but does no damage.
You hit the giant cockroach but do no damage.
The kobold hits you but does no damage.
The giant cockroach bites you but does no damage.
The kobold hits you.
You hit the giant cockroach.
You kill the giant cockroach!
Your Long Blades skill increases to level 2!
You block the bat's attack. The kobold barely misses you.
You riposte.
You slash the kobold!
You kill the kobold!
You have reached level 2!
Your demonic ancestry asserts itself...
Your bones become slightly less dense.
A kobold comes into view. It is wielding a +0 short sword.
Are you sure you want to abandon this character and quit the game? (Confirm with "yes".)

#######.#..........#
#.
#.......######.....#
#.
#..................#
##
########......##.....#
#
..............##.....#
#
########......##.....#
# #......##.....# #
#†#######.....# #@#
......K†.....#
########
......b......#
#.......
.....g.......#
#.......
.......[.....#
#.......
K............#
#.......
.............#
#.######
.............# ##.##
#...#


You could see a hobgoblin, a bat and 2 kobolds.

Vanquished Creatures
  A leopard gecko (D:1)
  A giant cockroach (D:1)
  A hobgoblin (D:1)
  A bat (D:1)
  3 kobolds (D:1)
  A rat (D:1)
8 creatures vanquished.

Notes
Turn   | Place    | Note
-------+----------+-------------------------------------------
     0 | D:1      | BritishOli the Demonspawn Fighter began the quest for the
                  | Orb.
     0 | D:1      | Reached XP level 1. HP: 18/18 MP: 1/1
   168 | D:1      | Gained mutation: You have a somewhat thin skeletal
                  | structure. (Dex +2, Stealth) [demonic ancestry]
   168 | D:1      | Reached XP level 2. HP: 23/24 MP: 2/2
   169 | D:1      | Quit the game

Illustrated notes

Levels and vault maps discovered:
D:1:      eino_arrival_tree_alley, layout_basic

Skill      XL: |  1 |
---------------+----+-----
Long Blades    | 2 |  2.0
Fighting       | |  3.1
Armour         | |  2.8
Shields        | |  2.8

Action                   || total
-------------------------++-------
Melee: Long sword        ||    19
Armor: Scale mail        ||     8
Dodge: Dodged            ||    10
Block: Kite shield       ||     7
       Rpst.: Long sword ||     3

Table legend:
 A = Non-vault XP
 B = Vault XP
 C = Vault XP percentage of total XP
 D = Non-vault monster count
 E = Vault monster count
 F = Vault count percentage of total count
                 A         B        C        D         E       F
            +---------+---------+-------+---------+---------+-------
      Total |      12 |       0 |   0.0 |       8 |       0 |   0.0
            +---------+---------+-------+---------+---------+-------
        D:1 |      12 |       0 |   0.0 |       8 |       0 |   0.0
            +---------+---------+-------+---------+---------+-------
